 Dungeon Crawl Stone Soup version 0.28-a0-413-gde365fb1df (webtiles) character file.

Game seed: 14875498195916283363

85 chris0x the Cutter (level 4, -1/30 HPs)
             Began as a Kobold Chaos Knight on Sept 7, 2021.
             Was a Plaything of Xom.
             Slain by a gnoll (14 damage)
             ... on level 3 of the Dungeon.
             The game lasted 00:04:36 (2229 turns).

chris0x the Cutter (Kobold Chaos Knight)            Turns: 2229, Time: 00:04:37

Health: -1/30      AC:  5    Str:  9    XL:     4   Next: 75%
Magic:  4/4        EV: 14    Int: 13    God:    Xom [...*..]
Gold:   90         SH:  0    Dex: 15    Spells: 2/3 levels left

rFire   . . .      SeeInvis .   a - +0 short sword (chaos)
rCold   . . .      Faith    .   (shield restricted)
rNeg    . . .      Spirit   .   b - +2 leather armour
rPois   .          Reflect  .   (no helmet)
rElec   .          Harm     .   (no cloak)
rCorr   .          Rampage  .   (no gloves)
Will    .....                   (no boots)
Stlth   +++.......              (no amulet)
HPRegen 0.10/turn               (no ring)
MPRegen 0.09/turn               (no ring)

@: no status effects
A: small, no large weapons, nightstalker 3
a: Renounce Religion


You were on level 3 of the Dungeon.
You worshipped Xom.
You were a favourite toy of Xom.
You visited 1 branch of the dungeon, and saw 3 of its levels.

You collected 90 gold pieces.

Inventory:

Hand Weapons
 a - a +0 short sword of chaos (weapon)
Missiles
 d - 49 stones (quivered)
 e - 8 atropa-tipped darts
 f - 30 arrows
Armour
 b - a +2 leather armour (worn)
Potions
 c - a potion of haste {unknown}
 g - a potion of curing {unknown}


   Skills:
 * Level 4.3 Fighting
 + Level 4.6 Short Blades
 + Level 0.9 Throwing
 + Level 1.0 Armour
 + Level 3.0 Dodging
 * Level 1.7 Stealth
 + Level 0.4 Spellcasting


You had 2 spell levels left.
You knew the following spells:

 Your Spells              Type           Power      Damage    Failure   Level
a - Foxfire               Conj/Fire      0%         2x1d4     38%         1

Your spell library contained the following spells:

 Spells                   Type           Power      Damage    Failure   Level


Dungeon Overview and Level Annotations

Branches:
Dungeon (3/15)

Altars:
Gozag

Shops:
D:1 (


Innate Abilities, Weirdness & Mutations

You are small and have problems with some larger weapons.
You are completely attuned to the shadows.


Message History

You closely miss the gnoll.
The gnoll is heavily wounded.
The gnoll hits you from afar with a +0 halberd.
The gnoll closely misses you. x2
There is a stone staircase leading up here.
The gnoll closely misses you. The gnoll hits you with a +0 whip.
You climb upwards.
There is a stone staircase leading down here.
You hit the gnoll but do no damage. The gnoll misses you.
The gnoll barely misses you. The gnoll closely misses you.
You hit the gnoll. You burn the gnoll.
You kill the gnoll!
The gnoll misses you.
You see here a +0 whip.
You hit the gnoll but do no damage. You drain the gnoll.
The gnoll is lightly wounded.
The gnoll hits you with a +0 flail.
You hit the gnoll but do no damage. Lightning courses through the gnoll!
You kill the gnoll!
Your Armour skill increases to level 1!
Things that are here:
a +0 flail; a +0 whip You start resting.
HP restored.
There is a stone staircase leading down here.
You climb downwards.
The kobold hits you but does no damage.
There is a stone staircase leading up here.
You barely miss the kobold. The kobold misses you.
The gnoll closely misses you.
You hit the kobold but do no damage. The kobold barely misses you.
The gnoll hits you with a +0 halberd!
You barely miss the gnoll. The gnoll hits you with a +0 halberd.
The kobold barely misses you.
You barely miss the gnoll. The gnoll hits you with a +0 halberd.
The kobold barely misses you.
You hit the gnoll.
The gnoll seems to speed up.
The gnoll is moderately wounded.
The gnoll hits you with a +0 halberd!
You die...

#..# #..# ..
#..# ...#..
#..###.#.#..
#K.....#....
#@#...##....
....g..........
.........#.....
.....[...#.#...
...........#...
.......## ..
..#


You could see a gnoll (fast) and a kobold.

Vanquished Creatures
  2 gnolls (D:2)
  2 adders (D:2)
  3 ball pythons
  3 bats
  2 endoplasms (D:1)
  2 giant cockroaches (D:1)
  7 goblins
  4 hobgoblins
  5 jackals (D:2)
  3 quokkas
  A frilled lizard (D:1)
  3 kobolds (D:1)
  5 rats
42 creatures vanquished.

Vanquished Creatures (others)
  A foxfire (D:2)
1 creature vanquished.

Grand Total: 43 creatures vanquished

Notes
Turn   | Place    | Note
-------+----------+-------------------------------------------
     0 | D:1      | chris0x the Kobold Chaos Knight began the quest for the
                  | Orb.
     0 | D:1      | Reached XP level 1. HP: 14/14 MP: 1/1
   110 | D:1      | XOM: divination: detect items
   166 | D:1      | Reached XP level 2. HP: 18/19 MP: 2/2
   228 | D:1      | XOM: silly message
   315 | D:1      | XOM: silly message
   594 | D:1      | XOM: 2-stop teleportation journey
   727 | D:1      | Reached XP level 3. HP: 22/24 MP: 3/3
   903 | D:1      | Found Cefec's Weapon Shop.
   966 | D:1      | XOM: scenery: 1 doors open
  1179 | D:2      | Reached skill level 1 in Stealth
  1212 | D:2      | XOM: 2-stop teleportation journey
  1348 | D:2      | Found a faded altar of an unknown god.
  1357 | D:2      | Got Plato's Guide on the Arsonist
  1362 | D:2      | Learned a level 1 spell: Foxfire
  1597 | D:2      | Found an opulent altar of Gozag.
  1647 | D:2      | XOM: cloud trail
  1952 | D:2      | Reached XP level 4. HP: 18/29 MP: 4/4
  1971 | D:2      | XOM: cloud trail
  2151 | D:2      | Reached skill level 1 in Armour
  2229 | D:3      | Slain by a gnoll

Illustrated notes

Levels and vault maps discovered:
D:1:      dpeg_arrival_rooms_with_view, layout_loops_cross, serial_shops, shop,
          hangedman_decor_points, minivault_24, minmay_strange_pillars
D:2:      layout_loops_ring, shapermc_ecumenical_altar_rom_forum, basic_altar
D:3:      layout_rooms, minmay_diced_spiral

Skill      XL: |  1  2  3  4 |
---------------+-------------+-----
Fighting       | 4 |  4.3
Stealth        | 1 |  1.7
Dodging        | 3 |  3.0
Armour         | 1 |  1.0
Short Blades   | |  4.6
Throwing       | |  0.9
Spellcasting   | |  0.4

Action                   |  1- 3 |  4- 6 || total
-------------------------+-------+-------++-------
Melee: Short sword       |   107 |    17 ||   124
 Fire: Hunting sling     |     1 |       ||     1
 Cast: Foxfire           |     1 |       ||     1
  Use: Scroll            |     3 |       ||     3
 Stab: Sleeping          |    14 |       ||    14
Armor: Leather armour    |    18 |     3 ||    21
Dodge: Dodged            |    71 |    17 ||    88

Table legend: (Time is in decaauts)
 A = Elapsed time spent in this place.
 B = Non-inter-level travel time spent in this place.
 C = Inter-level travel time spent in this place.
 D = Time resting spent in this place.
 E = Time spent auto-exploring this place.
 F = Levels seen in this place.
 G = Mean time per level.
                   A        B        C        D        E       F      G
               +--------+--------+--------+--------+--------+-----+--------+
         Total |   2214 |   2114 |    100 |     79 |   1611 |   3 |  738.0 |
       Dungeon |   2214 |   2114 |    100 |     79 |   1611 |   3 |  738.0 |
               +--------+--------+--------+--------+--------+-----+--------+

Top non-repeatable levels by time:
     D:1: 1159 daAuts
     D:2: 1026 daAuts
     D:3: 28 daAuts
